AoeStats
← vgutierrez

Arabia

508349346Analyzed
1v1 RM · 11d ago on Sep 22, 2026· 34m 35s· 2 players
Game mode
Random Map
Map size
Tiny (2 player)
Population
200
Speed
Normal
Resources
Standard
Victory
Conquest
Starting age
Dark Age
Ending age
Imperial Age
RankedLock teamsTeams togetherTeam positionsShared explorationLock speedFull tech treeHidden civsTurbo modeCheats
Victory
Defeat
🇧🇷 Vikings · Brazil
724
+13
🇺🇾 Burgundians · Uruguay
655
-13
vgutierrez
11:49 Feudal Age
12:50 Horse Collar
12:58 Double-Bit Axe
13:09 Gold Mining
14:00 Bow Saw
14:51 Wheelbarrow
20:01 Castle Age
18:06 Stone Mining
18:32 Heavy Plow
19:32 Gold Shaft Mining
19:55 Forging
20:19 Cavalier
21:26 Hand Cart
21:18 Pikeman
25:20 Two-Man Saw
FREDERICUS-HERECTUS
0:40 Loom
12:17 Feudal Age
13:16 Town Watch
13:16 Horse Collar
13:25 Double-Bit Axe
13:35 Gold Mining
13:35 Stone Mining
22:39 Castle Age
21:38 Man-at-Arms
22:49 Forging
22:55 Arson
23:17 Fletching
24:03 Scale Mail Armor
24:24 Padded Archer Armor
23:47 Elite Skirmisher
24:41 Squires
26:02 Ballistics
28:00 Murder Holes
30:59 Gold Shaft Mining
30:38 Masonry
31:31 Bodkin Arrow
Connection lost

Rejoining the realm…

Still unreachable

The connection could not be restored.

Session expired

The server has moved on; the page needs a fresh start.